 Dungeon Crawl Stone Soup version 0.30-a0-847-g17996783a1 (webtiles) character file.

Game seed: 17213046847396685097

170 Norrock the Shooter (level 5, 0/29 HPs)
             Began as a Kobold Hexslinger on Mar 3, 2023.
             Was a Plaything of Xom.
             Slain by an iguana (10 damage)
             ... on level 4 of the Dungeon on Mar 4, 2023.
             The game lasted 00:18:43 (2835 turns).

Norrock the Shooter (Kobold Hexslinger)             Turns: 2835, Time: 00:18:43

Health: 0/29       AC:  5    Str: 14    XL:     5   Next: 80%
Magic:  8/8        EV: 13    Int: 14    God:    Xom [..*...]
Gold:   179        SH:  0    Dex: 17    Spells: 4/9 levels left

rFire   . . .      SeeInvis .    p - +0 shortbow
rCold   . . .      Faith    .    (shield currently unavailable)
rNeg    . . .      Spirit   .    h - +0 ring mail
rPois   .          Reflect  .    (no helmet)
rElec   .          Rampage  .    (no cloak)
rCorr   .                        (no gloves)
Will    .....                    (no boots)
Stlth   ++                       (no amulet)
HPRegen 0.24/turn                e - +6 ring of strength
MPRegen 0.11/turn                (no ring)

@: no status effects
A: small, no large weapons, nightstalker 3
a: Renounce Religion


You were on level 4 of the Dungeon.
You worshipped Xom.
You were a toy of Xom.
You visited 2 branches of the dungeon, and saw 5 of its levels.

You collected 179 gold pieces.

Inventory:

Hand Weapons
 a - a +1 sling
 p - a +0 shortbow (weapon)
Armour
 c - a +0 robe
 h - a +0 ring mail (worn)
Jewellery
 e - a +6 ring of strength (left hand)
Scrolls
 b - 4 scrolls of poison
 f - 2 scrolls of identify {unknown}
 g - a scroll of silence
 i - 2 scrolls of teleportation
 m - a scroll of magic mapping {unknown}
 o - a scroll of torment {unknown}
 q - a scroll of blinking {unknown}
Potions
 d - a potion of mutation {unknown}
 j - a potion of attraction
 k - a potion of might {unknown}
 l - a potion of heal wounds {unknown}
 n - a potion of ambrosia {unknown}


   Skills:
 - Level 1.1 Fighting
 + Level 4.9 Ranged Weapons
 - Level 2.4 Dodging
 - Level 2.5 Spellcasting
 + Level 4.4 Hexes


You had 4 spell levels left.
You knew the following spells:

 Your Spells              Type           Power      Damage    Failure   Level
a - Slow                  Hex            56%        N/A       8%          1
b - Cause Fear            Hex            7%         N/A       58%         4

Your spell library contained the following spells:

 Spells                   Type           Power      Damage    Failure   Level
 Inner Flame              Hex/Fire       8%         N/A       50%         3
 Portal Projectile        Hex/Tloc       16%        N/A       50%         3


Dungeon Overview and Level Annotations

Branches:
Dungeon (4/15)             Temple (1/1) D:4

Altars:
Ashenzari
Cheibriados
Elyvilon
Gozag
Kikubaaqudgha
Makhleb
Okawaru
Ru
Trog
Vehumet
Xom
Yredelemnul
The Shining One


Innate Abilities, Weirdness & Mutations

You are small and have problems with some larger weapons.
You are completely attuned to the shadows.


Message History

Press: ? - help, Shift-Dir - straight line, f - iguana
Aim: an iguana (asleep, chance to affect: 56%)
The iguana resists with significant effort.
Fire: p) +0 shortbow
Press: ? - help, Q - select action, (/) - cycle Shift-Dir - straight line, f/p - iguana
Aim: an iguana (65% to hit)
You shoot an arrow.
The arrow hits the iguana but does no damage.
Fire: p) +0 shortbow
Press: ? - help, Q - select action, (/) - cycle Shift-Dir - straight line, f/p - iguana
Aim: an iguana (65% to hit)
You shoot an arrow. The arrow barely misses the iguana.
The iguana bites you.
Fire: p) +0 shortbow
Press: ? - help, Q - select action, (/) - cycle Shift-Dir - straight line, f/p - iguana
Aim: an iguana (65% to hit)
You shoot an arrow. The arrow hits the iguana!
The iguana is heavily wounded.
The iguana barely misses you.
Fire: p) +0 shortbow
Press: ? - help, Q - select action, (/) - cycle Shift-Dir - straight line, f/p - iguana
Aim: an iguana (heavily wounded, 65% to hit)
You shoot an arrow. The arrow barely misses the iguana.
The iguana misses you.
Fire: p) +0 shortbow
Press: ? - help, Q - select action, (/) - cycle Shift-Dir - straight line, f/p - iguana
Aim: an iguana (heavily wounded, 65% to hit)
You shoot an arrow.
The arrow hits the iguana but does no damage.
The iguana is heavily wounded.
The iguana bites you! The iguana bites you.
Fire: p) +0 shortbow
Press: ? - help, Q - select action, (/) - cycle Shift-Dir - straight line, f/p - iguana
Aim: an iguana (heavily wounded, 65% to hit)
You shoot an arrow. The arrow hits the iguana.
The iguana is severely wounded.
The iguana barely misses you. The iguana attacks as you move away!
The iguana bites you!
You die... "What!?
That's it?"

..........######
#...#.#
..#....##......#
##.#.##
....#..##......#
#..##
...............#
#.##
.......##......#
#.#
...............#
#.#
##.##.##########
#.# ##.##.#
######## #.#
....l@.# #.#
.#####.# #.#
####.###.#
#........#
#.##.##### # #.#
..# ####


You could see an iguana.

Vanquished Creatures
  A hound (D:3)
  Jessica (D:2)
  4 gnolls (D:4)
  3 adders
  4 ball pythons
  6 endoplasms
  2 giant cockroaches
  6 goblins
  2 hobgoblins
  3 jackals (D:3)
  2 quokkas (D:1)
  5 bats
  5 kobolds
  7 rats
51 creatures vanquished.

Notes
Turn   | Place    | Note
-------+----------+-------------------------------------------
     0 | D:1      | Norrock the Kobold Hexslinger began the quest for the Orb.
     0 | D:1      | Reached XP level 1. HP: 12/12 MP: 2/2
   184 | D:1      | Reached XP level 2. HP: 16/16 MP: 0/4
  1051 | D:1      | Reached XP level 3. HP: 20/20 MP: 5/5
  1125 | D:2      | Noticed Jessica
  1129 | D:2      | Killed Jessica
  1130 | D:2      | Reached XP level 4. HP: 25/25 MP: 4/7
  1135 | D:2      | Learned a level 4 spell: Cause Fear
  1344 | D:2      | Found a faded altar of an unknown god.
  1868 | D:3      | Reached XP level 5. HP: 22/29 MP: 8/8
  2537 | D:4      | Found a staircase to the Ecumenical Temple.
  2554 | Temple   | Entered the Ecumenical Temple
  2709 | Temple   | Became a worshipper of Xom of Enforced Whimsey
  2835 | D:4      | Slain by an iguana

Illustrated notes

Levels and vault maps discovered:
D:1:      dpeg_arrival_boxes_within_box, layout_basic,
          chequers_serial_rivers_small_b, minivault_4
D:2:      layout_rooms, chequers_ecumenical_altar_simple_redux,
          minmay_misc_feat_roman, uniq_jessica
D:3:      layout_loops_ring, chequers_serial_rivers_small_3
D:4:      layout_loops_cross, nzn_wu_jian_council_hall,
          minmay_temple_entry_metal_lava, serial_shops,
          nicolae_shop_advertising_works [nicolae_subvault_shop_adworks],
          uniq_pikel, uniq_duvessa
Temple:   compressed_dpeg_triangle_lava_temple

Skill      XL: |  1  2  3  4 |
---------------+-------------+-----
Ranged Weapons | 3 4 |  4.9
Spellcasting   | 2 |  2.5
Hexes          | 4 |  4.4
Fighting       | |  1.1
Dodging        | |  2.4

Action                     |  1- 3 |  4- 6 || total
---------------------------+-------+-------++-------
   Fire: Sling             |    56 |    37 ||    93
         Shortbow          |       |    82 ||    82
   Cast: Slow              |    13 |    18 ||    31
    Use: Scroll            |     1 |     1 ||     2
         Potion            |     1 |       ||     1
 Armour: Robe              |     6 |       ||     6
         Ring mail         |     5 |    33 ||    38
  Dodge: Dodged            |    39 |    59 ||    98

Table legend: (Time is in decaauts)
 A = Elapsed time spent in this place.
 B = Non-inter-level travel time spent in this place.
 C = Inter-level travel time spent in this place.
 D = Time resting spent in this place.
 E = Time spent auto-exploring this place.
 F = Levels seen in this place.
 G = Mean time per level.
                   A        B        C        D        E       F      G
               +--------+--------+--------+--------+--------+-----+--------+
         Total |   2904 |   2805 |     99 |    135 |   1493 |   5 |  580.8 |
       Dungeon |   2732 |   2633 |     99 |    135 |   1493 |   4 |  683.0 |
        Temple |    171 |    171 |      0 |      0 |      0 |   1 |  171.0 |
               +--------+--------+--------+--------+--------+-----+--------+

Top non-repeatable levels by time:
     D:1: 950 daAuts
     D:3: 838 daAuts
     D:2: 598 daAuts
     D:4: 345 daAuts
  Temple: 171 daAuts
